Lightning vs Devils

Created - January-18-15 at 10:10

Goals
1 2 3 T
Lightning 0 0 2 2
Devils 1 2 1 4
Shots
1 2 3 T
Lightning 4 13 10 27
Devils 14 10 11 35

1st period

1. Devils , Johan Franzen 11 (Justin Schultz, Wayne Simmonds) at 18:52 (SH)

Penalties :
Erik Gudbranson (TBL) for Holding (Minor) at 13:14, Matt Donovan (NJD) for Holding (Minor) at 18:18

2nd period

2. Devils , Jamie McGinn 11 (Vincent Trocheck, Matt Donovan) at 11:01
3. Devils , Wayne Simmonds 11 (Justin Schultz, Johan Franzen) at 16:50

Penalties :
Curtis Glencross (TBL) for Hooking (Minor) at 5:26, Michal Rozsival (NJD) for Roughing (Minor) at 12:57, Willie Mitchell (NJD) for Slashing (Minor) at 14:13, Willie Mitchell (NJD) for Abuse of Officials (Major / Game Misconduct) at 16:40, Maxime Talbot (TBL) for Interference (Minor) at 16:40, Andrej Sekera (TBL) for Tripping (Minor) at 18:45

3rd period

4. Lightning , Maxime Talbot 9 (Andrej Meszaros, Patrick Kane) at 0:36
5. Lightning , Cam Atkinson 15 (Scott Hannan, Maxime Talbot) at 4:20
6. Devils , Ales Hemsky 11 (Scott Hartnell, Mark Fayne) at 19:01

Penalties :
Curtis Glencross (TBL) for Slashing (Double Minor) at 5:08, Troy Brouwer (TBL) for Cross-checking (Minor) at 10:58

Goalie Stats

Jaroslav Halak (TBL), 31 saves from 35 shots - (0.886), L, 17-15-0, 60:00 minutes
Corey Crawford (NJD), 25 saves from 27 shots - (0.926), W, 16-15-2, 60:00 minutes

Players Stats for Lightning

Player Name              G  A  P  +/- PIM S  H  SB GA TA FO     MP     PP MP  PK MP  
------------------------------------------------------------------------------------
Andre Benoit             0  0  0  -1  0   0  0  1  0  0  0/0    17:53   0:00   4:28 
Andrej Meszaros          0  1  1   0  0   1  2  1  0  0  0/0    16:07   3:18   0:00 
Andrej Sekera            0  0  0  -1  2   1  1  3  0  0  0/0    25:43   2:56   5:28 
Brent Seabrook           0  0  0   0  0   2  2  4  0  0  0/0    27:43   2:57   5:28 
Cam Atkinson             1  0  1   1  0   1  0  0  0  0  0/0    14:19   0:35   1:59 
Curtis Glencross         0  0  0  -3  6   2  2  0  0  0  1/1    18:00   3:24   0:00 
Eric Fehr                0  0  0   0  0   0  1  0  0  0  1/1     3:29   0:00   0:00 
Erik Gudbranson          0  0  0  -3  2   0  4  1  0  0  0/0    15:10   2:43   0:00 
Henrik Sedin             0  0  0  -3  0   3  1  0  0  0  7/23   17:50   3:59   0:00 
Jason Chimera            0  0  0   0  0   0  0  0  0  0  0/0     3:29   0:00   0:00 
Luca Sbisa               0  0  0   0  0   0  0  0  0  0  0/0     2:55   0:35   0:00 
Maxime Talbot            1  1  2   2  2   7  2  0  0  0  4/11   13:31   0:35   0:00 
Nick Spaling             0  0  0   0  0   0  0  0  0  0  3/6    20:27   2:16   3:09 
Patrick Kane             0  1  1  -3  0   7  1  1  0  0  10/16  26:13   3:24   5:57 
Scott Hannan             0  1  1   1  0   0  0  3  0  0  0/0    14:27   0:00   4:28 
Teddy Purcell            0  0  0   0  0   1  0  0  0  0  0/1    12:10   0:00   0:00 
Travis Zajac             0  0  0   0  0   2  0  0  0  0  12/30  20:19   2:16   6:30 
Troy Brouwer             0  0  0   0  2   0  4  0  0  0  1/1    16:15   2:16   2:17 

Players Stats for Devils

Player Name              G  A  P  +/- PIM S  H  SB GA TA FO     MP     PP MP  PK MP  
------------------------------------------------------------------------------------
Ales Hemsky              1  0  1   1  0   1  0  0  0  0  0/0    12:32   0:00   0:00 
Chris Kelly              0  0  0   0  0   0  0  0  0  0  2/2     3:27   0:00   0:27 
Darren Helm              0  0  0   1  0   3  1  0  0  0  14/24  18:10   5:38   0:00 
Jamie McGinn             1  0  1   1  0   1  0  0  0  0  1/1    11:49   0:00   1:11 
Johan Franzen            1  1  2   0  0   6  0  0  0  0  12/25  27:28   4:18   3:18 
Justin Schultz           0  2  2   0  0   2  0  1  0  0  0/0    24:28   5:23   2:59 
Marc-Edouard Vlasic      0  0  0   1  0   3  1  1  0  0  0/0    26:28   5:02   3:16 
Mark Fayne               0  1  1   2  0   1  0  0  0  0  0/0    13:08   1:05   1:49 
Matt Donovan             0  1  1   1  2   2  1  1  0  0  0/0    18:40   2:24   0:00 
Michal Rozsival          0  0  0   0  2   1  3  0  0  0  0/0    22:11   3:49   2:17 
Nick Schultz             0  0  0   0  0   0  0  0  0  0  0/0     1:39   0:12   0:14 
Scott Hartnell           0  1  1   1  0   3  5  0  0  0  1/4    20:43   5:38   1:46 
Steve Ott                0  0  0   1  0   2  4  0  0  0  1/1    16:16   5:38   0:00 
Tommy Wingels            0  0  0   0  0   1  1  0  0  0  0/0     3:00   0:00   0:00 
Tyler Johnson            0  0  0  -1  0   4  0  1  0  0  13/22  20:32   4:18   1:46 
Vincent Trocheck         0  1  1   1  0   1  2  0  0  0  6/10   10:38   0:00   0:00 
Wayne Simmonds           1  1  2   0  0   4  3  0  0  0  1/1    24:29   4:18   3:19 
Willie Mitchell          0  0  0   0  17  0  3  2  0  0  0/0    13:22   1:57   1:54 

3 Stars

1 - Wayne Simmonds (NJD)
2 - Maxime Talbot (TBL)
3 - Johan Franzen (NJD)

Power Play

Lightning - 0 on 3 Attempt(s) - 0.00%
Devils - 0 on 6 Attempt(s) - 0.00%

Penalty Kill

Lightning - 6 on 6 Attempt(s) - 100.00% - Score 0 goal in Penalty Kill
Devils - 3 on 3 Attempt(s) - 100.00% - Score 1 goal in Penalty Kill

Team Stat

Lightning - Hits : 20 - Faceoff Wins : 39 - Blocked Shots : 14 - Penalty Minutes : 14
Devils - Hits : 24 - Faceoff Wins : 51 - Blocked Shots : 6 - Penalty Minutes : 21

Official

Referees : Chris Lee and Brad Watson
Linesman : Don Henderson and Brian Mach

Game Notes

Willie Mitchell ejected from game at 16:40 of 2nd period
Willie Mitchell from Devils is suspended for 2 game(s)

Finance

Level 1 -- Attendance: 6000 (100.00%) -- Ticket Income $642,000
Level 2 -- Attendance: 5000 (100.00%) -- Ticket Income $370,000
Level 3 -- Attendance: 2000 (100.00%) -- Ticket Income $140,000
Level 4 -- Attendance: 2996 (82.65%) -- Ticket Income $50,932
Luxury Box -- Attendance: 993 (99.30%) -- Ticket Income $173,775
Game was played at the Prudential Center'
Total Attendance: 16989 (96.39%)
Total Ticket Income: $1,376,707
Other Income: $206,506
Total Income: $1,583,213

% Time on Ice - Lightning

Lines # - Real PCT - Wanted PCT - Time Play
Normal Forward
1 - 34% - 40% - 13:41
2 - 29% - 30% - 11:33
3 - 28% - 20% - 11:08
4 - 9% - 10% - 3:29
Normal Defense
1 - 41% - 40% - 16:27
2 - 28% - 30% - 11:21
3 - 25% - 20% - 9:59
4 - 5% - 10% - 2:04
PP Forward
1 - 64% - 60% - 3:59
2 - 36% - 40% - 2:16
PP Defense
1 - 47% - 60% - 2:57
2 - 53% - 40% - 3:18
PK Forward
1 - 68% - 60% - 6:47
2 - 32% - 40% - 3:09
PK Defense
1 - 55% - 60% - 5:28
2 - 45% - 40% - 4:28
PK3 Forward
1 - 0% - 60%
2 - 0% - 40%
PK3 Defense
1 - 0% - 60%
2 - 0% - 40%
44 Forward
1 - 96% - 60% - 3:48
2 - 4% - 40% - 0:10
44 Defense
1 - 72% - 60% - 2:51
2 - 28% - 40% - 1:07
Last Minute Offensive  - 0:00
Last Minute Defensive  - 0:00
Total
Forward - 60:00
Defense - 60:00

% Time on Ice - Devils

Lines # - Real PCT - Wanted PCT - Time Play
Normal Forward
1 - 34% - 40% - 13:41
2 - 31% - 30% - 12:32
3 - 27% - 20% - 10:38
4 - 8% - 10% - 3:00
Normal Defense
1 - 38% - 40% - 15:04
2 - 36% - 30% - 14:29
3 - 24% - 20% - 9:30
4 - 2% - 10% - 0:48
PP Forward
1 - 43% - 60% - 4:18
2 - 57% - 40% - 5:38
PP Defense
1 - 62% - 60% - 6:07
2 - 38% - 40% - 3:49
PK Forward
1 - 68% - 60% - 3:46
2 - 32% - 40% - 1:46
PK Defense
1 - 53% - 60% - 2:55
2 - 47% - 40% - 2:37
PK3 Forward
1 - 100% - 60% - 0:43
2 - 0% - 40% - 0:00
PK3 Defense
1 - 49% - 60% - 0:21
2 - 51% - 40% - 0:22
44 Forward
1 - 80% - 60% - 3:11
2 - 20% - 40% - 0:47
44 Defense
1 - 59% - 60% - 2:21
2 - 41% - 40% - 1:37
Last Minute Offensive  - 0:00
Last Minute Defensive  - 0:00
Total
Forward - 60:00
Defense - 60:00

Play by Play

1st period


0:01 of 1st period - Tyler Johnson wins face-off versus Patrick Kane in neutral zone.
1:28 of 1st period - Scott Hartnell is hit by Erik Gudbranson and loses puck.
2:27 of 1st period - Shot by Teddy Purcell.
2:27 of 1st period - Shot Misses the Net.
2:33 of 1st period - Shot by Cam Atkinson.
2:33 of 1st period - Shot Misses the Net.
2:46 of 1st period - Icing by Steve Ott.
2:47 of 1st period - Eric Fehr wins face-off versus Vincent Trocheck in Devils zone.
2:48 of 1st period - Shot by Luca Sbisa.
2:48 of 1st period - Shot Misses the Net.
3:18 of 1st period - Icing by Andre Benoit.
3:19 of 1st period - Darren Helm wins face-off versus Nick Spaling in Lightning zone.
3:28 of 1st period - Shot by Darren Helm.
3:28 of 1st period - Stopped by Jaroslav Halak without a rebound.
3:29 of 1st period - Tyler Johnson wins face-off versus Henrik Sedin in Lightning zone.
3:54 of 1st period - Icing by Justin Schultz.
3:55 of 1st period - Johan Franzen wins face-off versus Maxime Talbot in Devils zone.
4:29 of 1st period - Shot by Maxime Talbot.
4:29 of 1st period - Stopped by Corey Crawford without a rebound.
4:30 of 1st period - Travis Zajac wins face-off versus Scott Hartnell in Devils zone.
5:03 of 1st period - Shot by Darren Helm.
5:03 of 1st period - Shot Misses the Net.
5:05 of 1st period - Shot by Ales Hemsky.
5:05 of 1st period - Shot Misses the Net.
6:15 of 1st period - Shot by Henrik Sedin.
6:15 of 1st period - Stopped by Corey Crawford with a rebound.
6:49 of 1st period - Shot by Johan Franzen.
6:49 of 1st period - Shot Misses the Net.
7:17 of 1st period - Justin Schultz is hit by Eric Fehr and loses puck.
7:37 of 1st period - Nick Spaling is hit by Marc-Edouard Vlasic and loses puck.
8:53 of 1st period - Off-side.
8:54 of 1st period - Chris Kelly wins face-off versus Maxime Talbot in neutral zone.
10:01 of 1st period - Shot by Travis Zajac.
10:01 of 1st period - Stopped by Corey Crawford without a rebound.
10:02 of 1st period - Travis Zajac wins face-off versus Darren Helm in Devils zone.
10:52 of 1st period - Icing by Erik Gudbranson.
10:53 of 1st period - Vincent Trocheck wins face-off versus Travis Zajac in Lightning zone.
11:20 of 1st period - Icing by Andrej Sekera.
11:21 of 1st period - Henrik Sedin wins face-off versus Tyler Johnson in Lightning zone.
11:25 of 1st period - Off-side.
11:26 of 1st period - Wayne Simmonds wins face-off versus Henrik Sedin in neutral zone.
11:55 of 1st period - Shot by Patrick Kane.
11:55 of 1st period - Stopped by Corey Crawford without a rebound.
11:56 of 1st period - Maxime Talbot wins face-off versus Darren Helm in Devils zone.
11:57 of 1st period - Shot by Andrej Meszaros.
11:57 of 1st period - Shot Blocked by Marc-Edouard Vlasic.
12:21 of 1st period - Maxime Talbot is hit by Scott Hartnell and loses puck.
12:27 of 1st period - Icing by Scott Hannan.
12:28 of 1st period - Tyler Johnson wins face-off versus Maxime Talbot in Lightning zone.
12:35 of 1st period - Shot by Wayne Simmonds.
12:35 of 1st period - Stopped by Jaroslav Halak with a rebound.
12:43 of 1st period - Shot by Johan Franzen.
12:43 of 1st period - Shot Misses the Net.
12:45 of 1st period - Shot by Tyler Johnson.
12:45 of 1st period - Deflect By Johan Franzen.
12:45 of 1st period - Stopped by Jaroslav Halak with a rebound.
13:10 of 1st period - Shot by Johan Franzen.
13:10 of 1st period - Deflect By Wayne Simmonds.
13:10 of 1st period - Stopped by Jaroslav Halak without a rebound.
13:11 of 1st period - Darren Helm wins face-off versus Travis Zajac in Lightning zone.
13:12 of 1st period - Shot by Marc-Edouard Vlasic.
13:12 of 1st period - Shot Misses the Net.
13:14 of 1st period - Shot by Scott Hartnell.
13:14 of 1st period - Stopped by Jaroslav Halak without a rebound.
13:14 of 1st period - Minor Penalty to Erik Gudbranson for Holding.
13:15 of 1st period - Darren Helm wins face-off versus Travis Zajac in Lightning zone.
14:00 of 1st period - Shot by Marc-Edouard Vlasic.
14:00 of 1st period - Deflect By Darren Helm.
14:00 of 1st period - Stopped by Jaroslav Halak without a rebound.
14:01 of 1st period - Tyler Johnson wins face-off versus Nick Spaling in Lightning zone.
14:02 of 1st period - Shot by Michal Rozsival.
14:02 of 1st period - Shot Blocked by Andrej Sekera.
14:06 of 1st period - Shot by Wayne Simmonds.
14:06 of 1st period - Stopped by Jaroslav Halak with a rebound.
14:08 of 1st period - Shot by Michal Rozsival.
14:08 of 1st period - Stopped by Jaroslav Halak with a rebound.
14:12 of 1st period - Shot by Tyler Johnson.
14:12 of 1st period - Stopped by Jaroslav Halak without a rebound.
14:13 of 1st period - Travis Zajac wins face-off versus Tyler Johnson in Lightning zone.
14:21 of 1st period - Off-side.
14:22 of 1st period - Tyler Johnson wins face-off versus Travis Zajac in neutral zone.
14:39 of 1st period - Shot by Johan Franzen.
14:39 of 1st period - Shot Blocked by Brent Seabrook.
14:41 of 1st period - Shot by Tyler Johnson.
14:41 of 1st period - Shot Blocked by Brent Seabrook.
14:43 of 1st period - Shot by Wayne Simmonds.
14:43 of 1st period - Deflect By Johan Franzen.
14:43 of 1st period - Stopped by Jaroslav Halak without a rebound.
14:44 of 1st period - Darren Helm wins face-off versus Travis Zajac in Lightning zone.
15:01 of 1st period - Shot by Willie Mitchell.
15:01 of 1st period - Shot Misses the Net.
15:03 of 1st period - Shot by Marc-Edouard Vlasic.
15:03 of 1st period - Shot Blocked by Brent Seabrook.
15:07 of 1st period - Shot by Scott Hartnell.
15:07 of 1st period - Stopped by Jaroslav Halak with a rebound.
15:09 of 1st period - Shot by Marc-Edouard Vlasic.
15:09 of 1st period - Stopped by Jaroslav Halak without a rebound.
15:10 of 1st period - Tyler Johnson wins face-off versus Travis Zajac in Lightning zone.
15:22 of 1st period - Johan Franzen is hit by Erik Gudbranson and loses puck.
15:35 of 1st period - Shot by Matt Donovan.
15:35 of 1st period - Stopped by Jaroslav Halak without a rebound.
15:36 of 1st period - Travis Zajac wins face-off versus Darren Helm in Lightning zone.
16:16 of 1st period - Shot by Scott Hartnell.
16:16 of 1st period - Shot Misses the Net.
16:18 of 1st period - Shot by Darren Helm.
16:18 of 1st period - Shot Blocked by Andrej Sekera.
16:59 of 1st period - Shot by Wayne Simmonds.
16:59 of 1st period - Shot Hit the Post.
17:03 of 1st period - Shot by Tyler Johnson.
17:03 of 1st period - Shot Misses the Net.
17:09 of 1st period - Shot by Johan Franzen.
17:09 of 1st period - Shot Misses the Net.
17:42 of 1st period - Icing by Vincent Trocheck.
17:43 of 1st period - Steve Ott wins face-off versus Henrik Sedin in Devils zone.
18:18 of 1st period - Minor Penalty to Matt Donovan for Holding.
18:19 of 1st period - Johan Franzen wins face-off versus Henrik Sedin in Devils zone.
18:52 of 1st period - Shot by Johan Franzen.
18:52 of 1st period - Goal by Johan Franzen - Lightning : 0 - Devils : 1.
18:53 of 1st period - Maxime Talbot wins face-off versus Johan Franzen in neutral zone.
19:00 of 1st period - Shot by Maxime Talbot.
19:00 of 1st period - Shot Blocked by Willie Mitchell.
19:48 of 1st period - Travis Zajac is hit by Michal Rozsival and loses puck.
Goals for this period are 0 for Lightning vs 1 for Devils.
Shots for this period are 4 for Lightning vs 14 for Devils.

2nd period


0:01 of 2nd period - Henrik Sedin wins face-off versus Johan Franzen in neutral zone.
0:05 of 2nd period - Brent Seabrook is hit by Willie Mitchell and loses puck.
0:35 of 2nd period - Icing by Mark Fayne.
0:36 of 2nd period - Darren Helm wins face-off versus Henrik Sedin in Devils zone.
0:59 of 2nd period - Off-side.
1:00 of 2nd period - Tyler Johnson wins face-off versus Travis Zajac in neutral zone.
1:12 of 2nd period - Johan Franzen is hit by Erik Gudbranson.
1:33 of 2nd period - Travis Zajac is hit by Willie Mitchell and loses puck.
1:43 of 2nd period - Travis Zajac is hit by Willie Mitchell and loses puck.
3:05 of 2nd period - Shot by Scott Hartnell.
3:05 of 2nd period - Deflect By Darren Helm.
3:05 of 2nd period - Stopped by Jaroslav Halak without a rebound.
3:06 of 2nd period - Maxime Talbot wins face-off versus Vincent Trocheck in Lightning zone.
3:06 of 2nd period - Teddy Purcell is hit by Steve Ott.
3:18 of 2nd period - Mark Fayne is hit by Maxime Talbot and loses puck.
3:25 of 2nd period - Shot by Teddy Purcell.
3:25 of 2nd period - Shot Misses the Net.
3:27 of 2nd period - Shot by Maxime Talbot.
3:27 of 2nd period - Deflect By Teddy Purcell.
3:27 of 2nd period - Stopped by Corey Crawford without a rebound.
3:28 of 2nd period - Nick Spaling wins face-off versus Darren Helm in Devils zone.
4:24 of 2nd period - Icing by Matt Donovan.
4:25 of 2nd period - Vincent Trocheck wins face-off versus Maxime Talbot in Devils zone.
4:59 of 2nd period - Shot by Vincent Trocheck.
4:59 of 2nd period - Shot Misses the Net.
5:22 of 2nd period - Icing by Marc-Edouard Vlasic.
5:23 of 2nd period - Tyler Johnson wins face-off versus Henrik Sedin in Devils zone.
5:23 of 2nd period - Tyler Johnson is hit by Henrik Sedin.
5:26 of 2nd period - Minor Penalty to Curtis Glencross for Hooking.
5:27 of 2nd period - Travis Zajac wins face-off versus Tyler Johnson in Lightning zone.
5:33 of 2nd period - Icing by Wayne Simmonds.
5:34 of 2nd period - Tyler Johnson wins face-off versus Travis Zajac in Devils zone.
6:05 of 2nd period - Shot by Marc-Edouard Vlasic.
6:05 of 2nd period - Shot Misses the Net.
6:07 of 2nd period - Shot by Willie Mitchell.
6:07 of 2nd period - Shot Misses the Net.
6:09 of 2nd period - Shot by Marc-Edouard Vlasic.
6:09 of 2nd period - Shot Blocked by Scott Hannan.
6:11 of 2nd period - Shot by Marc-Edouard Vlasic.
6:11 of 2nd period - Stopped by Jaroslav Halak without a rebound.
6:12 of 2nd period - Darren Helm wins face-off versus Travis Zajac in Lightning zone.
6:21 of 2nd period - Shot by Justin Schultz.
6:21 of 2nd period - Stopped by Jaroslav Halak without a rebound.
6:22 of 2nd period - Travis Zajac wins face-off versus Darren Helm in Lightning zone.
6:22 of 2nd period - Brent Seabrook is hit by Scott Hartnell and loses puck.
7:32 of 2nd period - Shot by Maxime Talbot.
7:32 of 2nd period - Stopped by Corey Crawford without a rebound.
7:33 of 2nd period - Maxime Talbot wins face-off versus Tyler Johnson in Devils zone.
7:56 of 2nd period - Shot by Maxime Talbot.
7:56 of 2nd period - Stopped by Corey Crawford without a rebound.
7:57 of 2nd period - Chris Kelly wins face-off versus Nick Spaling in Devils zone.
8:24 of 2nd period - Shot by Tommy Wingels.
8:24 of 2nd period - Stopped by Jaroslav Halak without a rebound.
8:25 of 2nd period - Henrik Sedin wins face-off versus Vincent Trocheck in Lightning zone.
8:25 of 2nd period - Henrik Sedin is hit by Vincent Trocheck.
8:35 of 2nd period - Shot by Curtis Glencross.
8:35 of 2nd period - Stopped by Corey Crawford with a rebound.
8:41 of 2nd period - Shot by Vincent Trocheck.
8:41 of 2nd period - Shot Misses the Net.
8:43 of 2nd period - Shot by Steve Ott.
8:43 of 2nd period - Stopped by Jaroslav Halak without a rebound.
8:44 of 2nd period - Travis Zajac wins face-off versus Darren Helm in Lightning zone.
8:44 of 2nd period - Travis Zajac is hit by Scott Hartnell.
8:47 of 2nd period - Icing by Brent Seabrook.
8:48 of 2nd period - Darren Helm wins face-off versus Travis Zajac in Lightning zone.
9:38 of 2nd period - Icing by Andrej Sekera.
9:39 of 2nd period - Travis Zajac wins face-off versus Tyler Johnson in Lightning zone.
10:00 of 2nd period - Shot by Wayne Simmonds.
10:00 of 2nd period - Shot Misses the Net.
10:18 of 2nd period - Shot by Henrik Sedin.
10:18 of 2nd period - Shot Blocked by Justin Schultz.
10:41 of 2nd period - Shot by Matt Donovan.
10:41 of 2nd period - Shot Blocked by Erik Gudbranson.
10:55 of 2nd period - Shot by Vincent Trocheck.
10:55 of 2nd period - Shot Blocked by Patrick Kane.
11:01 of 2nd period - Shot by Vincent Trocheck.
11:01 of 2nd period - Deflect By Jamie McGinn.
11:01 of 2nd period - Goal by Jamie McGinn - Lightning : 0 - Devils : 2.
11:02 of 2nd period - Darren Helm wins face-off versus Maxime Talbot in neutral zone.
11:11 of 2nd period - Shot by Ales Hemsky.
11:11 of 2nd period - Shot Blocked by Scott Hannan.
11:29 of 2nd period - Shot by Scott Hartnell.
11:29 of 2nd period - Stopped by Jaroslav Halak with a rebound.
11:31 of 2nd period - Shot by Ales Hemsky.
11:31 of 2nd period - Shot Blocked by Scott Hannan.
12:24 of 2nd period - Shot by Nick Spaling.
12:24 of 2nd period - Shot Misses the Net.
12:32 of 2nd period - Shot by Travis Zajac.
12:32 of 2nd period - Deflect By Troy Brouwer.
12:32 of 2nd period - Shot Blocked by Tyler Johnson.
12:37 of 2nd period - Travis Zajac is hit by Michal Rozsival and loses puck.
12:57 of 2nd period - Minor Penalty to Michal Rozsival for Roughing.
12:58 of 2nd period - Jamie McGinn wins face-off versus Henrik Sedin in Devils zone.
13:20 of 2nd period - Shot by Andrej Meszaros.
13:20 of 2nd period - Shot Misses the Net.
13:22 of 2nd period - Shot by Curtis Glencross.
13:22 of 2nd period - Shot Blocked by Willie Mitchell.
13:24 of 2nd period - Shot by Andrej Meszaros.
13:24 of 2nd period - Stopped by Corey Crawford without a rebound.
13:25 of 2nd period - Johan Franzen wins face-off versus Travis Zajac in Devils zone.
13:56 of 2nd period - Shot by Brent Seabrook.
13:56 of 2nd period - Stopped by Corey Crawford without a rebound.
13:57 of 2nd period - Johan Franzen wins face-off versus Henrik Sedin in Devils zone.
14:13 of 2nd period - Minor Penalty to Willie Mitchell for Slashing.
14:14 of 2nd period - Henrik Sedin wins face-off versus Johan Franzen in Devils zone.
14:31 of 2nd period - Shot by Brent Seabrook.
14:31 of 2nd period - Shot Misses the Net.
14:33 of 2nd period - Shot by Andrej Sekera.
14:33 of 2nd period - Stopped by Corey Crawford without a rebound.
14:34 of 2nd period - Johan Franzen wins face-off versus Travis Zajac in Devils zone.
15:47 of 2nd period - Henrik Sedin is hit by Scott Hartnell and loses puck.
16:07 of 2nd period - Shot by Patrick Kane.
16:07 of 2nd period - Deflect By Henrik Sedin.
16:07 of 2nd period - Shot Misses the Net.
16:40 of 2nd period - Major / Game Misconduct Penalty to Willie Mitchell for Abuse of Officials.
16:40 of 2nd period - Willie Mitchell is ejected from game.
16:40 of 2nd period - Minor Penalty to Maxime Talbot for Interference.
16:41 of 2nd period - Johan Franzen wins face-off versus Patrick Kane in Devils zone.
16:50 of 2nd period - Shot by Wayne Simmonds.
16:50 of 2nd period - Goal by Wayne Simmonds - Lightning : 0 - Devils : 3.
16:51 of 2nd period - Patrick Kane wins face-off versus Johan Franzen in neutral zone.
16:54 of 2nd period - Johan Franzen is hit by Patrick Kane and loses puck.
17:03 of 2nd period - Andrej Sekera is hit by Wayne Simmonds and loses puck.
17:10 of 2nd period - Shot by Johan Franzen.
17:10 of 2nd period - Stopped by Jaroslav Halak without a rebound.
17:11 of 2nd period - Patrick Kane wins face-off versus Johan Franzen in Lightning zone.
17:30 of 2nd period - Off-side.
17:31 of 2nd period - Johan Franzen wins face-off versus Patrick Kane in neutral zone.
17:55 of 2nd period - Off-side.
17:56 of 2nd period - Curtis Glencross wins face-off versus Tyler Johnson in neutral zone.
18:24 of 2nd period - Shot by Scott Hartnell.
18:24 of 2nd period - Shot Misses the Net.
18:32 of 2nd period - Shot by Tyler Johnson.
18:32 of 2nd period - Stopped by Jaroslav Halak without a rebound.
18:33 of 2nd period - Johan Franzen wins face-off versus Patrick Kane in Lightning zone.
18:45 of 2nd period - Minor Penalty to Andrej Sekera for Tripping.
18:46 of 2nd period - Patrick Kane wins face-off versus Johan Franzen in Lightning zone.
19:07 of 2nd period - Shot by Patrick Kane.
19:07 of 2nd period - Stopped by Corey Crawford without a rebound.
19:08 of 2nd period - Patrick Kane wins face-off versus Johan Franzen in Devils zone.
19:21 of 2nd period - Shot by Patrick Kane.
19:21 of 2nd period - Stopped by Corey Crawford with a rebound.
19:23 of 2nd period - Shot by Maxime Talbot.
19:23 of 2nd period - Stopped by Corey Crawford without a rebound.
19:24 of 2nd period - Patrick Kane wins face-off versus Johan Franzen in Devils zone.
19:41 of 2nd period - Shot by Maxime Talbot.
19:41 of 2nd period - Stopped by Corey Crawford without a rebound.
19:42 of 2nd period - Henrik Sedin wins face-off versus Scott Hartnell in Devils zone.
19:43 of 2nd period - Shot by Troy Brouwer.
19:43 of 2nd period - Shot Misses the Net.
19:45 of 2nd period - Shot by Troy Brouwer.
19:45 of 2nd period - Shot Misses the Net.
19:51 of 2nd period - Shot by Henrik Sedin.
19:51 of 2nd period - Stopped by Corey Crawford without a rebound.
19:52 of 2nd period - Patrick Kane wins face-off versus Johan Franzen in Devils zone.
19:57 of 2nd period - Shot by Maxime Talbot.
19:57 of 2nd period - Stopped by Corey Crawford without a rebound.
19:58 of 2nd period - Patrick Kane wins face-off versus Johan Franzen in Devils zone.
Goals for this period are 0 for Lightning vs 2 for Devils.
Shots for this period are 13 for Lightning vs 10 for Devils.

3rd period


0:01 of 3rd period - Johan Franzen wins face-off versus Patrick Kane in neutral zone.
0:07 of 3rd period - Matt Donovan is hit by Andrej Meszaros and loses puck.
0:12 of 3rd period - Shot by Johan Franzen.
0:12 of 3rd period - Stopped by Jaroslav Halak without a rebound.
0:13 of 3rd period - Patrick Kane wins face-off versus Johan Franzen in Lightning zone.
0:28 of 3rd period - Shot by Patrick Kane.
0:28 of 3rd period - Shot Blocked by Matt Donovan.
0:32 of 3rd period - Shot by Maxime Talbot.
0:32 of 3rd period - Deflect By Patrick Kane.
0:32 of 3rd period - Stopped by Corey Crawford without a rebound.
0:33 of 3rd period - Patrick Kane wins face-off versus Johan Franzen in Devils zone.
0:36 of 3rd period - Shot by Maxime Talbot.
0:36 of 3rd period - Goal by Maxime Talbot - Lightning : 1 - Devils : 3.
0:37 of 3rd period - Patrick Kane wins face-off versus Johan Franzen in neutral zone.
1:02 of 3rd period - Shot by Travis Zajac.
1:02 of 3rd period - Stopped by Corey Crawford without a rebound.
1:03 of 3rd period - Johan Franzen wins face-off versus Henrik Sedin in Devils zone.
1:03 of 3rd period - Johan Franzen is hit by Curtis Glencross.
1:12 of 3rd period - Icing by Andrej Meszaros.
1:13 of 3rd period - Johan Franzen wins face-off versus Henrik Sedin in Lightning zone.
1:49 of 3rd period - Shot by Vincent Trocheck.
1:49 of 3rd period - Stopped by Jaroslav Halak without a rebound.
1:50 of 3rd period - Darren Helm wins face-off versus Travis Zajac in Lightning zone.
1:50 of 3rd period - Justin Schultz is hit by Brent Seabrook and loses puck.
2:49 of 3rd period - Brent Seabrook is hit by Matt Donovan and loses puck.
3:11 of 3rd period - Icing by Andre Benoit.
3:12 of 3rd period - Vincent Trocheck wins face-off versus Henrik Sedin in Lightning zone.
3:15 of 3rd period - Shot by Steve Ott.
3:15 of 3rd period - Shot Misses the Net.
3:37 of 3rd period - Shot by Patrick Kane.
3:37 of 3rd period - Deflect By Henrik Sedin.
3:37 of 3rd period - Stopped by Corey Crawford without a rebound.
3:38 of 3rd period - Tyler Johnson wins face-off versus Maxime Talbot in Devils zone.
3:47 of 3rd period - Teddy Purcell is hit by Wayne Simmonds and loses puck.
4:20 of 3rd period - Shot by Cam Atkinson.
4:20 of 3rd period - Goal by Cam Atkinson - Lightning : 2 - Devils : 3.
4:21 of 3rd period - Darren Helm wins face-off versus Henrik Sedin in neutral zone.
4:21 of 3rd period - Matt Donovan is hit by Curtis Glencross.
4:24 of 3rd period - Scott Hartnell is hit by Brent Seabrook and loses puck.
4:48 of 3rd period - Scott Hartnell is hit by Andrej Sekera and loses puck.
5:08 of 3rd period - Double Minor Penalty to Curtis Glencross for Slashing.
5:09 of 3rd period - Tyler Johnson wins face-off versus Travis Zajac in Lightning zone.
5:28 of 3rd period - Shot by Johan Franzen.
5:28 of 3rd period - Shot Blocked by Andre Benoit.
5:34 of 3rd period - Shot by Johan Franzen.
5:34 of 3rd period - Shot Misses the Net.
5:38 of 3rd period - Shot by Johan Franzen.
5:38 of 3rd period - Stopped by Jaroslav Halak without a rebound.
5:39 of 3rd period - Nick Spaling wins face-off versus Darren Helm in Lightning zone.
6:00 of 3rd period - Shot by Scott Hartnell.
6:00 of 3rd period - Shot Blocked by Andrej Sekera.
6:02 of 3rd period - Shot by Marc-Edouard Vlasic.
6:02 of 3rd period - Stopped by Jaroslav Halak without a rebound.
6:03 of 3rd period - Tyler Johnson wins face-off versus Patrick Kane in Lightning zone.
7:35 of 3rd period - Shot by Tyler Johnson.
7:35 of 3rd period - Stopped by Jaroslav Halak without a rebound.
7:36 of 3rd period - Troy Brouwer wins face-off versus Tyler Johnson in Lightning zone.
8:35 of 3rd period - Shot by Patrick Kane.
8:35 of 3rd period - Stopped by Corey Crawford without a rebound.
8:36 of 3rd period - Travis Zajac wins face-off versus Tyler Johnson in Devils zone.
8:54 of 3rd period - Shot by Matt Donovan.
8:54 of 3rd period - Stopped by Jaroslav Halak without a rebound.
8:55 of 3rd period - Nick Spaling wins face-off versus Darren Helm in Lightning zone.
8:55 of 3rd period - Nick Spaling is hit by Steve Ott.
9:04 of 3rd period - Off-side.
9:05 of 3rd period - Travis Zajac wins face-off versus Darren Helm in neutral zone.
9:05 of 3rd period - Travis Zajac is hit by Steve Ott.
9:36 of 3rd period - Marc-Edouard Vlasic is hit by Maxime Talbot and loses puck.
9:44 of 3rd period - Icing by Vincent Trocheck.
9:45 of 3rd period - Vincent Trocheck wins face-off versus Henrik Sedin in Devils zone.
10:07 of 3rd period - Brent Seabrook is hit by Wayne Simmonds.
10:54 of 3rd period - Michal Rozsival is hit by Troy Brouwer and loses puck.
10:58 of 3rd period - Minor Penalty to Troy Brouwer for Cross-checking.
10:59 of 3rd period - Travis Zajac wins face-off versus Darren Helm in Lightning zone.
11:13 of 3rd period - Shot by Matt Donovan.
11:13 of 3rd period - Shot Misses the Net.
11:25 of 3rd period - Shot by Matt Donovan.
11:25 of 3rd period - Shot Blocked by Brent Seabrook.
11:32 of 3rd period - Icing by Scott Hartnell.
11:33 of 3rd period - Travis Zajac wins face-off versus Scott Hartnell in Devils zone.
12:32 of 3rd period - Shot by Mark Fayne.
12:32 of 3rd period - Shot Misses the Net.
12:34 of 3rd period - Shot by Mark Fayne.
12:34 of 3rd period - Stopped by Jaroslav Halak without a rebound.
12:35 of 3rd period - Darren Helm wins face-off versus Travis Zajac in Lightning zone.
13:10 of 3rd period - Andre Benoit is hit by Tommy Wingels and loses puck.
14:16 of 3rd period - Icing by Scott Hannan.
14:17 of 3rd period - Scott Hartnell wins face-off versus Maxime Talbot in Lightning zone.
14:20 of 3rd period - Shot by Ales Hemsky.
14:20 of 3rd period - Shot Blocked by Andrej Meszaros.
14:49 of 3rd period - Shot by Patrick Kane.
14:49 of 3rd period - Deflect By Curtis Glencross.
14:49 of 3rd period - Stopped by Corey Crawford without a rebound.
14:50 of 3rd period - Vincent Trocheck wins face-off versus Travis Zajac in Devils zone.
14:50 of 3rd period - Vincent Trocheck is hit by Troy Brouwer.
15:00 of 3rd period - Shot by Jamie McGinn.
15:00 of 3rd period - Deflect By Steve Ott.
15:00 of 3rd period - Stopped by Jaroslav Halak without a rebound.
15:01 of 3rd period - Henrik Sedin wins face-off versus Vincent Trocheck in Lightning zone.
15:08 of 3rd period - Shot by Patrick Kane.
15:08 of 3rd period - Stopped by Corey Crawford without a rebound.
15:09 of 3rd period - Vincent Trocheck wins face-off versus Henrik Sedin in Devils zone.
15:26 of 3rd period - Patrick Kane is hit by Vincent Trocheck and loses puck.
15:43 of 3rd period - Shot by Patrick Kane.
15:43 of 3rd period - Stopped by Corey Crawford without a rebound.
15:44 of 3rd period - Darren Helm wins face-off versus Travis Zajac in Devils zone.
15:44 of 3rd period - Darren Helm is hit by Troy Brouwer.
15:52 of 3rd period - Erik Gudbranson is hit by Darren Helm and loses puck.
15:57 of 3rd period - Shot by Scott Hartnell.
15:57 of 3rd period - Shot Misses the Net.
15:59 of 3rd period - Shot by Ales Hemsky.
15:59 of 3rd period - Shot Misses the Net.
16:02 of 3rd period - Ales Hemsky is hit by Erik Gudbranson.
16:12 of 3rd period - Shot by Justin Schultz.
16:12 of 3rd period - Stopped by Jaroslav Halak without a rebound.
16:13 of 3rd period - Johan Franzen wins face-off versus Henrik Sedin in Lightning zone.
16:47 of 3rd period - Shot by Patrick Kane.
16:47 of 3rd period - Shot Misses the Net.
16:49 of 3rd period - Shot by Curtis Glencross.
16:49 of 3rd period - Shot Misses the Net.
16:51 of 3rd period - Shot by Henrik Sedin.
16:51 of 3rd period - Shot Misses the Net.
16:53 of 3rd period - Shot by Brent Seabrook.
16:53 of 3rd period - Shot Hit the Post.
16:55 of 3rd period - Shot by Brent Seabrook.
16:55 of 3rd period - Stopped by Corey Crawford without a rebound.
16:56 of 3rd period - Darren Helm wins face-off versus Travis Zajac in Devils zone.
16:56 of 3rd period - Darren Helm is hit by Troy Brouwer.
17:30 of 3rd period - Troy Brouwer is hit by Michal Rozsival and loses puck.
17:41 of 3rd period - Troy Brouwer is hit by Scott Hartnell and loses puck.
18:15 of 3rd period - Maxime Talbot is hit by Steve Ott and loses puck.
18:42 of 3rd period - Icing by Andrej Meszaros.
18:43 of 3rd period - Tyler Johnson wins face-off versus Teddy Purcell in Lightning zone.
18:43 of 3rd period - Tyler Johnson is hit by Andrej Meszaros.
18:55 of 3rd period - Shot by Tyler Johnson.
18:55 of 3rd period - Stopped by Jaroslav Halak without a rebound.
18:56 of 3rd period - Darren Helm wins face-off versus Henrik Sedin in Lightning zone.
19:01 of 3rd period - Shot by Ales Hemsky.
19:01 of 3rd period - Goal by Ales Hemsky - Lightning : 2 - Devils : 4.
19:02 of 3rd period - Henrik Sedin wins face-off versus Tyler Johnson in neutral zone.
Goals for this period are 2 for Lightning vs 1 for Devils.
Shots for this period are 10 for Lightning vs 11 for Devils.


Output by the SimonT Hockey Simulator (STHS) for Stephane Roy -- Original Page W3C XHTML 1.0 Valid
Hockey Simulator - Hockey Simulation - Hockey Manager